 Dungeon Crawl Stone Soup version 0.22.0 (webtiles) character file.

35 Frostfox the Shield-Bearer (level 3, -8/35 HPs)
             Began as a Gnoll Fighter on Aug 28, 2018.
             Mangled by an iguana (12 damage)
             ... on level 1 of the Dungeon.
             The game lasted 00:01:25 (637 turns).

Frostfox the Shield-Bearer (Gnoll Fighter)           Turns: 637, Time: 00:01:25

Health: -8/35      AC:  7    Str: 23    XL:     3   Next: 35%
Magic:  3/4        EV:  8    Int: 10    God:
Gold:   46         SH: 11    Dex: 15    Spells: 3/3 levels left

rFire    . . .     SeeInvis .   a - +0 long sword
rCold    . . .     Gourm    .   c - +0 shield
rNeg     . . .     Faith    .   b - +0 scale mail
rPois    .         Spirit   .   (no helmet)
rElec    .         Reflect  .   (no cloak)
rCorr    .         Harm     .   (no gloves)
MR       .....                  (no boots)
Stlth    ..........             (no amulet)
HPRegen  0.11/turn              (no ring)
MPRegen  0.09/turn              (no ring)

@: mighty
A: distributed training, fangs 1, strong nose
a: no special abilities


You were on level 1 of the Dungeon.
You were not hungry.

You visited 1 branch of the dungeon, and saw 2 of its levels.

You collected 46 gold pieces.

Inventory:

Hand Weapons
 a - a +0 long sword (weapon)
Missiles
 k - 37 arrows
Armour
 b - a +0 scale mail (worn)
 c - a +0 shield (worn)
Jewellery
 g - an uncursed amulet of regeneration {unknown}
Scrolls
 e - a scroll of teleportation {unknown}
 h - 2 scrolls of remove curse {unknown}
 i - a scroll of identify {unknown}
 l - a scroll of amnesia {unknown}
 m - a scroll of enchant weapon {unknown}
 n - a scroll of random uselessness {unknown}
Comestibles
 f - 3 rations


   Skills:
 + Level 6.5 Fighting
 + Level 0.7 Short Blades
 + Level 4.5 Long Blades
 + Level 0.7 Axes
 + Level 0.7 Maces & Flails
 + Level 0.7 Polearms
 + Level 0.7 Staves
 + Level 0.7 Slings
 + Level 0.7 Bows
 + Level 0.7 Crossbows
 + Level 0.7 Throwing
 + Level 6.5 Armour
 + Level 0.7 Dodging
 + Level 0.7 Stealth
 + Level 6.5 Shields
 + Level 0.7 Unarmed Combat
 + Level 0.7 Spellcasting
 + Level 0.5 Conjurations
 + Level 0.5 Hexes
 + Level 0.5 Charms
 + Level 0.5 Summonings
 + Level 0.5 Necromancy
 + Level 0.5 Translocations
 + Level 0.5 Transmutations
 + Level 0.5 Fire Magic
 + Level 0.5 Ice Magic
 + Level 0.5 Air Magic
 + Level 0.5 Earth Magic
 + Level 0.5 Poison Magic
 + Level 0.9 Invocations
 + Level 0.7 Evocations


You had 3 spell levels left.
You didn't know any spells.
Your spell library was empty.

Dungeon Overview and Level Annotations

Branches:
Dungeon (2/15)

Altars:


Innate Abilities, Weirdness & Mutations

Your experience applies equally to all skills.
You have very sharp teeth.
Your uncanny sense of smell can sniff out nearby items.


Message History

You block the jackal's attack. x2; The iguana bites you!
* * * LOW HITPOINT WARNING * * *
It was a potion of curing.
You feel better. You block the jackal's attack. The iguana closely misses you.
You riposte.
Your shield and scale mail prevent you from hitting the iguana.
The iguana is lightly wounded.
The jackal closely misses you.
You riposte.
You closely miss the jackal.
You feel very mighty all of a sudden. You block the jackal's attack.
You block the iguana's attack.
You closely miss the jackal. The jackal bites you.
* * * LOW HITPOINT WARNING * * *
You block the iguana's attack. You block the jackal's attack.
You completely miss the jackal. The jackal bites you.
* * * LOW HITPOINT WARNING * * *
The iguana bites you but does no damage.
The jackal bites you but does no damage.
You barely miss the jackal. You bite the jackal.
You kill the jackal!
You block the iguana's attack. The iguana bites you!
You die...

#..## ##.## ##.###.## ##.#.###
#...###.## ##.#.## ##.## #
#.##.#.## ##.## #8# # #.###.##
#8# ### #.# #8# ### #.# ### #.##
## #..#########
##################.
##.........###.@r........#......
#....####†#..l##.>.)###...####.
#....# #..).........###### #..
#....# ###..........#....# #..
#....# #..........#.##.###..
#....# #..........#.#.......
#....# #.†........#.#..#####
###### #..........#.#..#
#.......[..#.####


You could see an iguana and a rat.

Vanquished Creatures
  A dart slug (D:1)
  5 bats
  A giant cockroach (D:1)
  2 goblins (D:1)
  7 hobgoblins
  4 jackals (D:1)
  A ball python (D:1)
  4 kobolds (D:1)
  4 rats (D:1)
29 creatures vanquished.

Notes
Turn   | Place    | Note
-------+----------+-------------------------------------------
     0 | D:1      | Frostfox the Gnoll Fighter began the quest for the Orb.
     0 | D:1      | Reached XP level 1. HP: 23/23 MP: 1/1
    91 | D:1      | Reached XP level 2. HP: 29/29 MP: 2/2
   300 | D:1      | Reached XP level 3. HP: 35/35 MP: 3/3
   637 | D:1      | Mangled by an iguana

Action                   || total
-------------------------++-------
Melee: Long sword        ||    74
       Bite              ||    11
  Use: Potion            ||     2
Armor: Scale mail        ||    54
Dodge: Dodged            ||    34
Block: Shield            ||    57
       Rpst.: Long sword ||    12
